%YAML 1.1
%TAG !u! tag:unity3d.com,2011:
--- !u!1 &6433751263732667439
GameObject:
  m_ObjectHideFlags: 0
  m_CorrespondingSourceObject: {fileID: 0}
  m_PrefabInstance: {fileID: 0}
  m_PrefabAsset: {fileID: 0}
  serializedVersion: 6
  m_Component:
  - component: {fileID: 6433751263732947743}
  - component: {fileID: 6433751263735764041}
  - component: {fileID: 6433751263734667511}
  - component: {fileID: 6462644390173368421}
  m_Layer: 0
  m_Name: Sierra
  m_TagString: Untagged
  m_Icon: {fileID: 0}
  m_NavMeshLayer: 0
  m_StaticEditorFlags: 0
  m_IsActive: 1
--- !u!4 &6433751263732947743
Transform:
  m_ObjectHideFlags: 0
  m_CorrespondingSourceObject: {fileID: 0}
  m_PrefabInstance: {fileID: 0}
  m_PrefabAsset: {fileID: 0}
  m_GameObject: {fileID: 6433751263732667439}
  m_LocalRotation: {x: 0, y: 0.7071068, z: 0, w: 0.7071068}
  m_LocalPosition: {x: -12.5, y: 5.087, z: -11}
  m_LocalScale: {x: 1, y: 1, z: 1}
  m_ConstrainProportionsScale: 0
  m_Children:
  - {fileID: 6433751264277463743}
  m_Father: {fileID: 0}
  m_RootOrder: 0
  m_LocalEulerAnglesHint: {x: 0, y: 90, z: 0}
--- !u!33 &6433751263735764041
MeshFilter:
  m_ObjectHideFlags: 0
  m_CorrespondingSourceObject: {fileID: 0}
  m_PrefabInstance: {fileID: 0}
  m_PrefabAsset: {fileID: 0}
  m_GameObject: {fileID: 6433751263732667439}
  m_Mesh: {fileID: 4300000, guid: 9b1553ae7ba66d242ae3ed8f0623d00d, type: 3}
--- !u!23 &6433751263734667511
MeshRenderer:
  m_ObjectHideFlags: 0
  m_CorrespondingSourceObject: {fileID: 0}
  m_PrefabInstance: {fileID: 0}
  m_PrefabAsset: {fileID: 0}
  m_GameObject: {fileID: 6433751263732667439}
  m_Enabled: 1
  m_CastShadows: 1
  m_ReceiveShadows: 1
  m_DynamicOccludee: 1
  m_StaticShadowCaster: 0
  m_MotionVectors: 1
  m_LightProbeUsage: 1
  m_ReflectionProbeUsage: 1
  m_RayTracingMode: 2
  m_RayTraceProcedural: 0
  m_RenderingLayerMask: 1
  m_RendererPriority: 0
  m_Materials:
  - {fileID: 2100000, guid: 42b64fdb315e3054ea757d8d1c4bcfa7, type: 2}
  m_StaticBatchInfo:
    firstSubMesh: 0
    subMeshCount: 0
  m_StaticBatchRoot: {fileID: 0}
  m_ProbeAnchor: {fileID: 0}
  m_LightProbeVolumeOverride: {fileID: 0}
  m_ScaleInLightmap: 1
  m_ReceiveGI: 1
  m_PreserveUVs: 0
  m_IgnoreNormalsForChartDetection: 0
  m_ImportantGI: 0
  m_StitchLightmapSeams: 0
  m_SelectedEditorRenderState: 3
  m_MinimumChartSize: 4
  m_AutoUVMaxDistance: 0.5
  m_AutoUVMaxAngle: 89
  m_LightmapParameters: {fileID: 0}
  m_SortingLayerID: 0
  m_SortingLayer: 0
  m_SortingOrder: 0
  m_AdditionalVertexStreams: {fileID: 0}
--- !u!64 &6462644390173368421
MeshCollider:
  m_ObjectHideFlags: 0
  m_CorrespondingSourceObject: {fileID: 0}
  m_PrefabInstance: {fileID: 0}
  m_PrefabAsset: {fileID: 0}
  m_GameObject: {fileID: 6433751263732667439}
  m_Material: {fileID: 0}
  m_IsTrigger: 0
  m_Enabled: 1
  serializedVersion: 4
  m_Convex: 1
  m_CookingOptions: 30
  m_Mesh: {fileID: 43678367717916878, guid: 9e29ee196433ab04ab7756e4ac443fff, type: 2}
--- !u!1001 &6433751264277677225
PrefabInstance:
  m_ObjectHideFlags: 0
  serializedVersion: 2
  m_Modification:
    m_TransformParent: {fileID: 6433751263732947743}
    m_Modifications:
    - target: {fileID: 152086, guid: cb4d8b04723e11f4cb07532c7a1c46a7, type: 3}
      propertyPath: m_Name
      value: SM_Trap_Saw_02 (1)
      objectReference: {fileID: 0}
    - target: {fileID: 476694, guid: cb4d8b04723e11f4cb07532c7a1c46a7, type: 3}
      propertyPath: m_RootOrder
      value: 0
      objectReference: {fileID: 0}
    - target: {fileID: 476694, guid: cb4d8b04723e11f4cb07532c7a1c46a7, type: 3}
      propertyPath: m_LocalScale.x
      value: 0.6399999
      objectReference: {fileID: 0}
    - target: {fileID: 476694, guid: cb4d8b04723e11f4cb07532c7a1c46a7, type: 3}
      propertyPath: m_LocalScale.y
      value: 0.64
      objectReference: {fileID: 0}
    - target: {fileID: 476694, guid: cb4d8b04723e11f4cb07532c7a1c46a7, type: 3}
      propertyPath: m_LocalScale.z
      value: 0.6399999
      objectReference: {fileID: 0}
    - target: {fileID: 476694, guid: cb4d8b04723e11f4cb07532c7a1c46a7, type: 3}
      propertyPath: m_LocalPosition.x
      value: 0
      objectReference: {fileID: 0}
    - target: {fileID: 476694, guid: cb4d8b04723e11f4cb07532c7a1c46a7, type: 3}
      propertyPath: m_LocalPosition.y
      value: -0.08699989
      objectReference: {fileID: 0}
    - target: {fileID: 476694, guid: cb4d8b04723e11f4cb07532c7a1c46a7, type: 3}
      propertyPath: m_LocalPosition.z
      value: -1.6000006
      objectReference: {fileID: 0}
    - target: {fileID: 476694, guid: cb4d8b04723e11f4cb07532c7a1c46a7, type: 3}
      propertyPath: m_LocalRotation.w
      value: 1
      objectReference: {fileID: 0}
    - target: {fileID: 476694, guid: cb4d8b04723e11f4cb07532c7a1c46a7, type: 3}
      propertyPath: m_LocalRotation.x
      value: -0
      objectReference: {fileID: 0}
    - target: {fileID: 476694, guid: cb4d8b04723e11f4cb07532c7a1c46a7, type: 3}
      propertyPath: m_LocalRotation.y
      value: -0
      objectReference: {fileID: 0}
    - target: {fileID: 476694, guid: cb4d8b04723e11f4cb07532c7a1c46a7, type: 3}
      propertyPath: m_LocalRotation.z
      value: -0
      objectReference: {fileID: 0}
    - target: {fileID: 476694, guid: cb4d8b04723e11f4cb07532c7a1c46a7, type: 3}
      propertyPath: m_LocalEulerAnglesHint.x
      value: 0
      objectReference: {fileID: 0}
    - target: {fileID: 476694, guid: cb4d8b04723e11f4cb07532c7a1c46a7, type: 3}
      propertyPath: m_LocalEulerAnglesHint.y
      value: 90
      objectReference: {fileID: 0}
    - target: {fileID: 476694, guid: cb4d8b04723e11f4cb07532c7a1c46a7, type: 3}
      propertyPath: m_ConstrainProportionsScale
      value: 1
      objectReference: {fileID: 0}
    - target: {fileID: 64185018052181580, guid: cb4d8b04723e11f4cb07532c7a1c46a7, type: 3}
      propertyPath: m_IsTrigger
      value: 1
      objectReference: {fileID: 0}
    m_RemovedComponents: []
  m_SourcePrefab: {fileID: 100100000, guid: cb4d8b04723e11f4cb07532c7a1c46a7, type: 3}
--- !u!4 &6433751264277463743 stripped
Transform:
  m_CorrespondingSourceObject: {fileID: 476694, guid: cb4d8b04723e11f4cb07532c7a1c46a7, type: 3}
  m_PrefabInstance: {fileID: 6433751264277677225}
  m_PrefabAsset: {fileID: 0}
--- !u!1 &6433751264277796543 stripped
GameObject:
  m_CorrespondingSourceObject: {fileID: 152086, guid: cb4d8b04723e11f4cb07532c7a1c46a7, type: 3}
  m_PrefabInstance: {fileID: 6433751264277677225}
  m_PrefabAsset: {fileID: 0}
--- !u!95 &6433751263971609036
Animator:
  serializedVersion: 5
  m_ObjectHideFlags: 0
  m_CorrespondingSourceObject: {fileID: 0}
  m_PrefabInstance: {fileID: 0}
  m_PrefabAsset: {fileID: 0}
  m_GameObject: {fileID: 6433751264277796543}
  m_Enabled: 1
  m_Avatar: {fileID: 0}
  m_Controller: {fileID: 9100000, guid: f6ef3a4f068d0254898e702888c1309b, type: 2}
  m_CullingMode: 0
  m_UpdateMode: 0
  m_ApplyRootMotion: 0
  m_LinearVelocityBlending: 0
  m_StabilizeFeet: 0
  m_WarningMessage: 
  m_HasTransformHierarchy: 1
  m_AllowConstantClipSamplingOptimization: 1
  m_KeepAnimatorStateOnDisable: 0
--- !u!114 &6433751263971609037
MonoBehaviour:
  m_ObjectHideFlags: 0
  m_CorrespondingSourceObject: {fileID: 0}
  m_PrefabInstance: {fileID: 0}
  m_PrefabAsset: {fileID: 0}
  m_GameObject: {fileID: 6433751264277796543}
  m_Enabled: 1
  m_EditorHideFlags: 0
  m_Script: {fileID: 11500000, guid: 748a2c8fad8803741b208e0b2e0e6322, type: 3}
  m_Name: 
  m_EditorClassIdentifier: 
  damage: 5
